 Dungeon Crawl Stone Soup version 0.18.1-50-g88ac8fd (webtiles) character file.

6089 magog001 the Blocker (level 10, -2/93 HPs)
             Began as a Hill Orc Fighter on Aug 27, 2018.
             Was a Believer of Nemelex Xobeh.
             Killed by nerve-wracking pain
             ... invoked by an orc priest
              (10 damage)
             ... on level 9 of the Dungeon.
             The game lasted 00:57:48 (11109 turns).

magog001 the Blocker (Hill Orc Fighter)            Turns: 11109, Time: 00:57:49

Health: -2/93      AC:  8    Str: 23    XL:     10   Next: 88%
Magic:  0/10       EV: 15    Int: 10    God:    Nemelex Xobeh [**....]
Gold:   36         SH: 13    Dex:  8    Spells: 0 memorised, 9 levels left

rFire  . . .     SeeInvis .     a - +0 war axe
rCold  . . .     Gourm    .     b - +0 scale mail
rNeg   . . .     Faith    .     c - +1 shield
rPois  .         Spirit   +     (helmet restricted)
rElec  .         Dismiss  .     D - +0 cloak of the Enchanted Forest {MR- Int+2 Stlth+}
rCorr  .         Reflect  .     (no gloves)
SustAt .         Harm     .     J - +1 pair of boots {Fly}
MR     .....                    u - amulet of guardian spirit
Stlth  +.........               v - +5 ring of evasion
                                y - ring of protection from magic

@: flying, very slightly contaminated, invisible, not resistant to hostile
enchantments, very unstealthy
A: antennae 1, claws 1, clumsy 1, deformed body
a: Renounce Religion, Stop Flying


You were on level 9 of the Dungeon.
You worshipped Nemelex Xobeh.
Nemelex Xobeh was pleased with you.
You were not hungry.

You visited 2 branches of the dungeon, and saw 10 of its levels.

You collected 459 gold pieces.
You spent 423 gold pieces at shops.

Inventory:

Hand Weapons
 a - a +0 war axe (weapon)
 h - a +1 hunting sling
Missiles
 t - 72 sling bullets
Armour
 b - a +0 scale mail (worn)
 c - a +1 shield (worn)
 w - a +2 helmet of intelligence
 D - the +0 cloak of the Enchanted Forest (worn) {MR- Int+2 Stlth+}
   (You acquired it on level 9 of the Dungeon)

   It affects your intelligence (+2).
   It affects your resistance to hostile enchantments.
   It makes you more stealthy.
 J - a +1 pair of boots of flying (worn)
Jewellery
 e - a cursed ring of teleportation {unknown}
 u - an amulet of guardian spirit (around neck)
 v - a +5 ring of evasion (right claw)
 y - a ring of protection from magic (left claw)
Wands
 d - a wand of enslavement (15/24)
 m - a wand of iceblast (6/15)
 s - a wand of flame (16/48)
 x - a wand of teleportation (3/9)
 z - a wand of disintegration (18/24)
 B - a wand of iceblast (8/15)
 F - a wand of lightning (5/15)
Scrolls
 g - 10 scrolls of identify
 k - a scroll of amnesia {unknown}
 r - 7 scrolls of remove curse
 G - a scroll of vulnerability {unknown}
Potions
 H - 2 potions of cancellation
Miscellaneous
 n - a plain deck of destruction {drawn: 1}
 o - a plain deck of war {drawn: 4}
 p - a plain deck of escape
 A - a plain deck of destruction
Comestibles
 f - 9 bread rations
 j - 4 meat rations
 l - 23 fruits
 q - a chunk of flesh


   Skills:
 * Level 10.1 Fighting
 * Level 10.0(10.1) Axes
   Level 1.5(5.5) Polearms
 + Level 7.6 Armour
 - Level 3.0 Dodging
 - Level 0.5 Stealth
 * Level 10.4 Shields
 + Level 0.6 Evocations


You had 9 spell levels left.
You didn't know any spells.

Dungeon Overview and Level Annotations

Branches:
Dungeon (9/15)             Temple (1/1) D:4
   Lair: D:8-11         Orc: D:9-12

Altars:
Ashenzari
Cheibriados
Dithmenos
Elyvilon
Fedhas
Gozag
Kikubaaqudgha
Makhleb
Nemelex Xobeh
Okawaru
Pakellas
Qazlal
Ru
Sif Muna
Trog
Vehumet
Xom
Yredelemnul
Zin
The Shining One

Shops:
D:6 [(   D:7 %   D:8 (


Innate Abilities, Weirdness & Mutations

You have a pair of small antennae on your head.
You have sharp fingernails.
You are clumsy. (Dex -2)
Armour fits poorly on your strangely shaped body.


Message History

You catch the helpless orc priest completely off-guard!
You hit the orc priest but do no damage.
You closely miss the orc priest.
The orc priest is almost dead.
The orc priest barely misses you. The orc priest misses you.
You slash the orc priest!
The orc priest is almost dead.
You hit the orc priest.
You kill the orc priest!
Your Axes skill increases to level 10!
You block the orc priest's attack.
You hit the orc priest but do no damage.
The orc priest is almost dead.
The orc priest closely misses you.
You barely miss the orc priest.
The orc priest is almost dead.
The orc priest calls down the wrath of Beogh upon you.
Pain shoots through your body!
You die...
Your body disappears without a glow.

#8###8## ##########
#8...8...8###........########
#.........###........+.....o###
>........._#.........######...###
#.........##'........# ###...o
#8...8../8###........# #####
##8###8# #.)......# # ####
###)###### ######..## #o@.#
#........# ###)### #........#
#....# #.......(# #....#
##........# #....# .'....<...###
#....# .#........'.####....+
##........#....'....#
#........######....#


You could see an orc priest.

Vanquished Creatures
  The ghost of PointBlank the Cleaver, a novice MiBe of Trog (D:7)
  3 trolls (D:9)
  Prince Ribbit (D:5)
  A hippogriff (D:7)
  Edmund (D:5)
  2 water moccasins (D:7)
  6 orc warriors
  A sky beast (D:7)
  An ice beast (D:2)
  2 phantoms
  A wasp (D:9)
  3 black bears
  5 ogres
  2 centaurs
  Blork the orc (D:4)
  3 giant frogs
  A water moccasin zombie (D:6)
  3 scorpions
  4 howler monkeys
  4 crimson imps
  5 hounds
  8 orc priests
  A jelly (D:5)
  2 centaur skeletons
  14 orc wizards
  2 iguanas (D:7)
  Natasha (thrice) (D:2)
  Terence (D:2)
  7 worker ants
  A hound skeleton (D:8)
  A howler monkey skeleton (D:9)
  2 worker ant zombies (D:5)
  12 gnolls
  13 adders
  A shadow imp (D:6)
  2 oozes
  2 adder zombies
  An adder skeleton (D:9)
  7 worms
  6 giant geckos
  18 orcs
  2 ball pythons
  2 giant cockroaches
  14 goblins
  13 hobgoblins
  6 jackals
  5 kobolds
  4 quokkas
  4 bats
  A giant gecko zombie (D:6)
  7 giant newts
  A quokka zombie (D:6)
  13 rats
  2 plants
229 creatures vanquished.

Notes
Turn   | Place    | Note
--------------------------------------------------------------
     0 | D:1      | magog001 the Hill Orc Fighter began the quest for the Orb.
     0 | D:1      | Reached XP level 1. HP: 19/19 MP: 1/1
   231 | D:1      | Reached XP level 2. HP: 27/27 MP: 2/2
   503 | D:1      | Reached XP level 3. HP: 33/33 MP: 3/3
   599 | D:2      | Found a faded altar to an unknown god.
   672 | D:2      | Noticed Natasha
   676 | D:2      | Killed Natasha
   676 | D:2      | Reached XP level 4. HP: 30/41 MP: 4/4
   961 | D:2      | Noticed Natasha
   966 | D:2      | Killed Natasha
   966 | D:2      | Reached XP level 5. HP: 28/47 MP: 5/5
  1137 | D:2      | Gained mutation: You possess an exceptional clarity of mind. [potion of mutation]
  1137 | D:2      | Gained mutation: You are dopey. (Int -2) [potion of mutation]
  1137 | D:2      | Gained mutation: Your body sometimes deteriorates upon taking damage. [potion of mutation]
  1295 | D:2      | Reached skill level 1 in Dodging
  1300 | D:2      | Noticed Terence
  1312 | D:2      | Killed Terence
  1348 | D:2      | Found a blossoming altar of Fedhas.
  1438 | D:2      | You fall through a shaft!
  1584 | D:3      | Reached skill level 5 in Fighting
  1597 | D:3      | Found a shimmering altar of Xom.
  1713 | D:2      | Noticed Natasha
  1726 | D:2      | Reached XP level 6. HP: 35/56 MP: 6/6
  1745 | D:2      | Killed Natasha
  1920 | D:2      | Noticed an ice beast
  1944 | D:2      | Killed an ice beast
  2281 | D:3      | Reached skill level 5 in Axes
  2452 | D:3      | Noticed a phantom
  2529 | D:3      | Reached XP level 7. HP: 54/61 MP: 7/7
  2869 | D:4      | Reached skill level 5 in Armour
  3530 | D:4      | Noticed Blork the orc
  3542 | D:4      | Killed Blork the orc
  3605 | D:4      | Reached skill level 5 in Shields
  3760 | D:4      | Reached XP level 8. HP: 70/70 MP: 8/8
  3776 | D:4      | Found a staircase to the Ecumenical Temple.
  3801 | Temple   | Entered the Ecumenical Temple
  3968 | Temple   | Became a worshipper of Nemelex Xobeh the Trickster
  4068 | D:4      | Received a gift from Nemelex Xobeh
  4534 | D:4      | Got a pitted spear
  4535 | D:4      | Identified the cursed +3 spear of Bugg {freeze, *Rage rC++ Dex+10} (You found it on level 4 of the Dungeon)
  4705 | D:5      | Entered Level 5 of the Dungeon
  4848 | D:5      | Reached skill level 1 in Polearms
  5024 | D:5      | Found an opulent altar of Gozag.
  5505 | D:5      | Noticed Prince Ribbit
  5533 | D:5      | Killed Prince Ribbit
  5847 | D:5      | Reached XP level 9. HP: 41/79 MP: 5/9
  5886 | D:5      | Noticed Edmund
  5899 | D:5      | Killed Edmund
  5923 | D:5      | Gained mutation: You are surrounded by a mild repulsion field (EV +2). [potion of beneficial mutation]
  6622 | D:6      | Found Bear's Antique Weapon Boutique.
  6675 | D:6      | Reached * piety under Nemelex Xobeh
  6751 | D:6      | Bought a crude dire flail for 189 gold pieces
  6756 | D:6      | Identified the +5 dire flail "Transmigrator" {drain, +Blink Str-3 Dex+2} (You bought it in a shop on level 6 of the Dungeon)
  6799 | D:6      | Lost mutation: You are surrounded by a mild repulsion field (EV +2). [potion of cure mutation]
  6799 | D:6      | Lost mutation: You possess an exceptional clarity of mind. [potion of cure mutation]
  6799 | D:6      | Lost mutation: Your body sometimes deteriorates upon taking damage. [potion of cure mutation]
  6799 | D:6      | Lost mutation: You are dopey. (Int -2) [potion of cure mutation]
  6859 | D:6      | Received a gift from Nemelex Xobeh
  6892 | D:6      | Found Qoevaoq's Antique Armour Shop.
  6904 | D:6      | Bought a runed helmet for 117 gold pieces
  7150 | D:7      | Found a glowing golden altar of the Shining One.
  7179 | D:7      | Found Neagyis's Food Shoppe.
  7193 | D:7      | HP: 3/81 [orc warrior/glaive (6)]
  7279 | D:7      | Noticed PointBlank's ghost (novice MiBe)
  7301 | D:7      | HP: 3/82 [PointBlank's ghost (6)]
  7780 | D:7      | Received a gift from Nemelex Xobeh
  8092 | D:7      | Killed PointBlank's ghost
  8092 | D:7      | Reached XP level 10. HP: 20/90 MP: 4/10
  8362 | D:7      | Got an encrusted dagger
  8376 | D:7      | Gained mutation: You have a pair of small antennae on your head. [mutagenic meat]
  8377 | D:7      | Gained mutation: You are clumsy. (Dex -2) [mutagenic meat]
  8378 | D:7      | Gained mutation: You have sharp fingernails. [mutagenic meat]
  8379 | D:7      | Gained mutation: Armour fits poorly on your strangely shaped body. [mutagenic meat]
  9123 | D:8      | Found Fereudd's Weapon Shoppe.
  9124 | D:8      | Reached ** piety under Nemelex Xobeh
  9142 | D:8      | Identified the +7 dagger "Mopaelah" {antimagic, +Fly rC+ rN+ Str+3} (You found it on level 7 of the Dungeon)
  9169 | D:8      | Found a shadowy altar of Dithmenos.
  9350 | D:8      | Received a gift from Nemelex Xobeh
 10165 | D:6      | Bought a pair of glowing boots for 117 gold pieces
 10299 | D:9      | Identified a scroll of acquirement
 10300 | D:9      | Got an ancient cloak
 10311 | D:9      | Identified the +0 cloak of the Enchanted Forest {MR- Int+2 Stlth+} (You acquired it on level 9 of the Dungeon)
 10379 | D:9      | Reached skill level 10 in Shields
 10554 | D:9      | Found a blossoming altar of Fedhas.
 11006 | D:9      | Found an iron altar of Okawaru.
 11055 | D:9      | Reached skill level 10 in Fighting
 11107 | D:9      | Reached skill level 10 in Axes
 11109 | D:9      | Killed from afar by an orc priest

Skill      XL: |  1  2  3  4  5  6  7  8  9 10 |
---------------+-------------------------------+-----
Axes           | 3 4 5 6 8 10 | 10.0
Fighting       | 4 5 6 7 8 10 | 10.1
Armour         | 4 5 6 7 |  7.6
Dodging        | 1 2 3 |  3.0
Shields        | 4 5 6 8 10 | 10.4
Polearms       | 1 |  1.5
Stealth        | |  0.5
Evocations     | |  0.6

Action                   |  1- 3 |  4- 6 |  7- 9 | 10-12 || total
-------------------------+-------+-------+-------+-------++-------
Melee: War axe           |    64 |   232 |   438 |   276 ||  1010
       Spear             |       |       |    84 |       ||    84
Evoke: Deck              |       |       |     5 |       ||     5
  Use: Potion            |       |     5 |    17 |     3 ||    25
       Scroll            |       |       |    12 |     7 ||    19
 Stab: Invisible         |       |       |       |     2 ||     2
  Eat: Chunk             |       |     4 |     8 |     8 ||    20
       Beef jerky        |       |     1 |       |       ||     1
       Fruit             |       |       |     3 |     2 ||     5
       Bread ration      |       |       |     1 |       ||     1
       Meat ration       |       |       |     1 |       ||     1
       Royal jelly       |       |       |     1 |       ||     1
       Pizza             |       |       |       |     1 ||     1
Armor: Scale mail        |    28 |    87 |   172 |    78 ||   365
Dodge: Dodged            |    21 |    65 |   181 |   140 ||   407
Block: Shield            |    27 |    96 |   257 |   220 ||   600
